 Dungeon Crawl Stone Soup version 0.31.0-7-gf635a9b802 (webtiles) character file.

Game seed: 2672375536690458587

67 sasquatch the Insei (level 3, 0/30 HPs)
             Began as a Demonspawn Monk on Jan 23, 2024.
             Slain by a cerulean imp
             ... wielding a +1 spear
             ... summoned by Natasha
              (6 damage)
             ... on level 2 of the Dungeon.
             The game lasted 00:02:43 (1384 turns).

sasquatch the Insei (Demonspawn Monk)               Turns: 1384, Time: 00:02:44

Health: 0/30       AC:  2    Str: 13    XL:     3   Next: 98%
Magic:  3/3        EV: 12    Int: 10    God:
Gold:   52         SH:  0    Dex: 15    Spells: 2/2 levels left

rFire   . .          .
                       - Unarmed
rCold   . . .        c - orb {light}
rNeg    . . .        a - +0 robe
rPois   .            (no helmet)
rElec   .            (no cloak)
rCorr   .            (no gloves)
SInv    .            (no boots)
Will    .....        (no amulet)
Stlth   +            (no ring)
HPRegen 0.25/turn    (no ring)
MPRegen 0.08/turn

%: no passive effects
@: confused, ambrosia-drunk, glowing, studying Throwing
A: claws 2
a: no special abilities


You were on level 2 of the Dungeon.
You visited 1 branch of the dungeon, and saw 2 of its levels.

You collected 52 gold pieces.

Inventory:

Armour
 a - a +0 robe (worn)
 c - an orb of light (worn)
Magical Staves
 m - a staff of fire
Wands
 i - a wand of paralysis (8)
Scrolls
 d - a scroll of blinking {unknown}
 f - a scroll of revelation {unknown}
 g - 2 scrolls of immolation
 h - a scroll of fear {unknown}
 j - a scroll of poison {unknown}
 k - a scroll of teleportation {unknown}
 l - a scroll of fog {unknown}
 p - a scroll of summoning {unknown}
Potions
 e - a potion of curing {unknown}
 n - a potion of brilliance {unknown}
 o - 3 potions of might {unknown}


   Skills:
 + Level 3.7 Fighting
 - Level 2.6 Dodging
 * Level 3.9 Unarmed Combat


You had 2 spell levels left.
You didn't know any spells.
Your spell library contained the following spells:

 Spells                   Type           Power      Damage    Failure   Level
 Freeze                   Ice            0%         1d3       36%         1
 Cigotuvi's Dreadful Rot  Necr/Alch/Air  0%         N/A       50%         2
 Frozen Ramparts          Ice            0%         1d1       75%         3
 Hailstorm                Conj/Ice       0%         3d5       75%         3
 Dispel Undead            Necr           0%         3d6       98%         4
 Ignite Poison            Fire/Alch      0%         N/A       98%         4
 Martyr's Knell           Necr/Summ      0%         N/A       98%         4
 Sticky Flame             Fire/Alch      0%         2d4       98%         4
 Death Channel            Necr           0%         N/A       100%        6
 Ignition                 Fire           0%         3d3       100%        8


Dungeon Overview and Level Annotations

Branches:
Dungeon (2/15)

Altars:

Shops:
D:1 (

Annotations:
D:2 Natasha


Innate Abilities, Weirdness & Mutations

You have very sharp fingernails.


Message History

Things that are here:
a +0 dagger; a goblin corpse You open the door.
There is an open door here.
You open the door.
There is an open door here.
g - 2 scrolls of immolation (gained 1)
You open the door.
There is an open door here.
There is an open door here.
o - 3 purple potions (gained 1) Natasha, Servant of Life and Death comes into view.
Natasha claws you.
You scratch Natasha.
Natasha is lightly wounded.
Natasha howls an incantation.
Natasha glows brightly for a moment.
Natasha claws you.
You closely miss Natasha.
Natasha is lightly wounded.
Natasha mumbles some strange words.
You completely miss Natasha.
Natasha is lightly wounded.
Natasha closely misses you.
You scratch Natasha.
Natasha is heavily wounded.
The cerulean imp barely misses you. Natasha closely misses you.
You barely miss Natasha.
Natasha is heavily wounded.
The cerulean imp hits you but does no damage.
Natasha claws you!
You barely miss Natasha.
Natasha is heavily wounded.
The cerulean imp hits you from afar with a +1 spear.
Natasha claws you!
* * * LOW HITPOINT WARNING * * *
You are confused.
You feel invigorated.
The cerulean imp hits you from afar with a +1 spear.
You die...

###[##### #.# #.#
##.## #.# ##...##
###.########.....#
#........)......##
#.#.##..#####..##
#.#.....# #..#####.#
# ####..# #.h.5....#
#..# #.@#######
#..#####..#
..........#
#########.# ##.## #.#
##.#.## #.# ########
####.###.## #.#
#......# #...## ##.#
##.## #.####.#
#.##.###.####...###.#
#.#


You could see Natasha and a cerulean imp (summoned).

Vanquished Creatures
  Natasha (D:2)
  2 adders (D:2)
  2 bats (D:1)
  An endoplasm (D:1)
  3 hobgoblins
  3 ball pythons (D:1)
  2 frilled lizards (D:1)
  2 goblins (D:2)
  6 kobolds
  5 rats
27 creatures vanquished.

Notes
Turn   | Place    | Note
-------+----------+-------------------------------------------
     0 | D:1      | sasquatch the Demonspawn Monk began the quest for the Orb.
     0 | D:1      | Reached XP level 1. HP: 18/18 MP: 1/1
   313 | D:1      | Gained mutation: You have sharp fingernails. [demonic
                  | ancestry]
   313 | D:1      | Reached XP level 2. HP: 20/24 MP: 2/2
   379 | D:1      | Found a faded altar of an unknown god.
   485 | D:1      | Found Geill's Antique Weapon Shop.
   876 | D:2      | Gained mutation: You have very sharp fingernails. [demonic
                  | ancestry]
   876 | D:2      | Reached XP level 3. HP: 29/29 MP: 3/3
   956 | D:2      | Noticed Natasha
   966 | D:2      | Killed Natasha
  1374 | D:2      | Noticed Natasha
  1383 | D:2      | HP: 1/30 [Natasha (9)]
  1384 | D:2      | Slain by a cerulean imp

Illustrated notes

Levels and vault maps discovered:
D:1:      minmay_arrival_shattered_statue, layout_basic, serial_shops, shop,
          hellmonk_ecumenical_altar_blasted
D:2:      layout_loops_corners, uniq_natasha

Skill      XL: |  1 |
---------------+----+-----
Unarmed Combat | 3 |  3.9
Fighting       | |  3.7
Dodging        | |  2.6

Action                     || total
---------------------------++-------
  Melee: Unarmed           ||    80
    Use: Potion            ||     1
 Armour: Robe              ||    44
  Dodge: Dodged            ||    59
